 Dungeon Crawl Stone Soup version 0.28.0-43-g3370ac3207 (webtiles) character file.

Game seed: 11647480666312800622

12766 sizableburger the Thaumaturge (level 11, 0/90 HPs)
             Began as a Naga Earth Elementalist on Mar 7, 2022.
             Was a Priest of Zin.
             Slain by a death yak (16 damage)
             ... on level 9 of the Dungeon.
             The game lasted 00:40:20 (15045 turns).

sizableburger the Thaumaturge (NaEE)               Turns: 15045, Time: 00:40:21

Health: 0/90       AC: 13    Str: 11    XL:     11   Next: 98%
Magic:  1/23       EV:  8    Int: 20    God:    Zin [***...]
Gold:   486        SH: 11    Dex: 11    Spells: 11/27 levels left

rFire   . . .      SeeInvis +   D - staff of earth
rCold   . . .      Faith    .   p - +2 kite shield
rNeg    . . .      Spirit   .   F - +0 troll leather armour
rPois   +          Reflect  .   k - +2 helmet
rElec   .          Harm     .   l - +2 cloak {rCorr}
rCorr   +          Rampage  .   r - +1 pair of gloves
Will    +....                   (no barding)
Stlth   ++........              (no amulet)
HPRegen 1.05/turn               (no ring)
MPRegen 0.18/turn               (no ring)

@: very slow
A: AC +3, large, see invisible, deformed body, poison resistance, slowness 2,
spit poison 1, naga tail 1
a: Spit Poison, Renounce Religion, Recite, Vitalisation, Imprison, Donate Gold


You were on level 9 of the Dungeon.
You worshipped Zin.
Zin was most pleased with you.
You visited 2 branches of the dungeon, and saw 11 of its levels.

You collected 540 gold pieces.
You donated 54 gold pieces to Zin.

Inventory:

Hand Weapons
 a - a +0 dagger
 A - a +0 war axe
Missiles
 c - 140 stones
 w - 2 throwing nets
Armour
 k - a +2 helmet (worn)
 l - a +2 cloak of preservation (worn)
 p - a +2 kite shield (worn)
 r - a +1 pair of gloves (worn)
 F - a +0 troll leather armour (worn)
Magical Staves
 D - a staff of earth (weapon)
Wands
 u - a wand of flame (23)
Scrolls
 b - a scroll of fog {unknown}
 e - 4 scrolls of identify
 f - 3 scrolls of vulnerability
 g - a scroll of blinking
 m - 3 scrolls of amnesia
 o - 2 scrolls of fear
 x - 2 scrolls of noise
 y - 2 scrolls of teleportation
 C - a scroll of holy word
Potions
 d - 7 potions of attraction
 h - 2 potions of flight
 i - 6 potions of degeneration
 j - a potion of cancellation {unknown}
 n - 8 potions of curing
 q - 2 potions of invisibility
 s - 3 potions of heal wounds {unknown}
 t - 2 potions of lignification {unknown}
 v - 3 potions of haste {unknown}
 z - a potion of brilliance {unknown}
 B - a potion of berserk rage {unknown}


   Skills:
 - Level 3.0 Fighting
 - Level 5.1 Staves
 - Level 1.5 Dodging
 - Level 3.0 Stealth
 + Level 6.3 Shields
 + Level 8.5 Spellcasting
 - Level 5.4 Conjurations
 + Level 4.2 Transmutations
 - Level 2.0 Air Magic
 - Level 7.0 Earth Magic
 - Level 8.0 Poison Magic
 + Level 7.2 Invocations


You had 11 spell levels left.
You knew the following spells:

 Your Spells              Type           Power      Damage    Failure   Level
a - Sandblast             Erth           100%       2d20      1%          1
b - Stone Arrow           Conj/Erth      100%       3d13      5%          3
c - Poisonous Vapours     Pois/Air       56%        N/A       4%          2
d - Passwall              Tmut/Erth      38%        N/A       3%          2
e - Olgreb's Toxic Radia  Pois           40%        N/A       9%          4
f - Petrify               Tmut/Erth      46%        N/A       22%         4

Your spell library contained the following spells:

 Spells                   Type           Power      Damage    Failure   Level
 Sting                    Tmut/Pois      100%       1d8       1%          1
 Magic Dart               Conj           100%       1d8       2%          1
 Searing Ray              Conj           60%        2d6       3%          2
 Animate Skeleton         Necr           16%        N/A       22%         1
 Pain                     Necr           32%        1d5       22%         1
 Corpse Rot               Necr/Air       24%        N/A       22%         2
 Vampiric Draining        Necr           8%         2d6       56%         3
 Fulminant Prism          Conj/Hex       9%         3d7       58%         4
 Dispel Undead            Necr           8%         3d8       92%         4
 Statue Form              Tmut/Erth      30%        N/A       98%         6
 Metabolic Englaciation   Hex/Ice        4%         N/A       99%         5
 Death Channel            Necr           4%         N/A       100%        6


Dungeon Overview and Level Annotations

Branches:
Dungeon (10/15)            Temple (1/1) D:6            Lair (0/6) D:10
    Orc (0/2) D:10

Altars:
Ashenzari
Cheibriados
Dithmenos
Elyvilon
Fedhas
Gozag
Hepliaklqana
Kikubaaqudgha
Makhleb
Nemelex Xobeh
Okawaru
Qazlal
Ru
Sif Muna
Trog
Uskayaw
Vehumet
Wu Jian
Xom
Yredelemnul
Zin
The Shining One

Shops:
D:4 *


Innate Abilities, Weirdness & Mutations

Your serpentine skin is tough. (AC +3)
You have supernaturally acute eyesight. (SInv)
Armour fits poorly on your strangely shaped body.
Your system is resistant to poisons. (rPois)
You cover ground very slowly.
You can spit poison.
You have a snake-like lower body.


Message History

You feel a surge of power!
The stone arrow hits the death yak!!
The death yak is heavily wounded.
You have got your breath back.
The death yak gores you!
Okay, then.
Okay, then.
Aiming: Spit Poison (1% risk of failure)
Press: ? - help, Shift-Dir - straight line, f/p - death yak
Aim: a death yak (heavily wounded, extremely poisoned, 88% to hit)
The splash of poison hits the death yak!
The death yak is severely wounded.
You block the death yak's attack.
Unknown command.
You hit the death yak but do no damage.
The death yak is severely wounded.
You block the death yak's attack.
You are short of breath.
You are very lightly contaminated with residual magic.
Your movement speed is very slow.
Your attack delay is about 1.0 (and is slowed by your insufficient shield skill).
The death yak gores you.
Unknown command.
You have got your breath back.
Your magical contamination has completely faded away.
Casting: Stone Arrow (mildly dangerous; 5% risk of failure)
Confirm with . or Enter, or press ? or * to list all spells.
Aiming: Stone Arrow (mildly dangerous; 5% risk of failure)
Press: ? - help, Shift-Dir - straight line, f/p - death yak
Aim: a death yak (severely wounded, very poisoned, 92% to hit)
You feel a surge of power!
The stone arrow hits the death yak!
The death yak is severely wounded.
The death yak gores you!!
Unknown command.
The death yak gores you!
* * * LOW HITPOINT WARNING * * *
Unknown command.
The death yak gores you!!
* * * LOW HITPOINT WARNING * * *
You feel better. The death yak gores you!
You die...

#................................
.................................
..<..............................
###################(#############
#.# #.# #.#############
###################..............
..............<.@Y....>..........
.................................
..#############...###############
..# #...# ..# #...# ..# #...# ..#
#...# ..# #...#
..#############...###############


You could see a death yak (very poisoned).

Vanquished Creatures
  Gastronok (D:10)
  A centaur warrior (D:8)
  5 death yaks
  A death knight (D:8)
  A manticore (D:10)
  Maurice (D:9)
  Joseph (D:8)
  A gargoyle (D:10)
  2 trolls
  Grinder (D:6)
  A vampire (D:8)
  Eustachio (D:4)
  A wraith (D:9)
  Edmund (D:4)
  A water moccasin (D:7)
  3 ice beasts
  5 sky beasts
  2 black bears
  A hornet zombie (D:7)
  2 necrophages
  2 orc warriors
  An ogre (D:5)
  4 centaurs
  A phantom (D:6)
  A kobold brigand (D:6)
  4 bullfrogs (D:8)
  2 gnoll sergeants (D:9)
  3 scorpions
  2 water moccasin skeletons
  12 killer bees
  2 howler monkeys
  7 hounds
  A jelly (D:3)
  5 centaur zombies
  10 orc priests
  2 bullfrog skeletons (D:5)
  Crazy Yiuf (D:2)
  2 centaur skeletons
  4 gnoll shamans
  4 iguanas
  7 orc wizards
  Robin (D:2)
  A howler monkey zombie (D:6)
  26 gnolls
  2 howler monkey skeletons (D:6)
  6 adders
  A white imp (D:6)
  An ufetubus (D:4)
  A worm (D:3)
  A dart slug (D:1)
  35 orcs
  8 endoplasms
  3 giant cockroaches
  8 goblins
  13 hobgoblins
  5 jackals
  4 quokkas
  2 ball pythons
  4 bats
  2 frilled lizards
  13 kobolds
  3 rats
250 creatures vanquished.

Vanquished Creatures (others)
  An orc (D:6)
  2 fungi (D:2)
  4 plants (D:2)
7 creatures vanquished.

Grand Total: 257 creatures vanquished

Notes
Turn   | Place    | Note
-------+----------+-------------------------------------------
     0 | D:1      | sizableburger the Naga Earth Elementalist began the quest
                  | for the Orb.
     0 | D:1      | Reached XP level 1. HP: 15/15 MP: 3/3
   497 | D:1      | Reached XP level 2. HP: 6/24 MP: 3/5
   923 | D:1      | Reached skill level 1 in Fighting
  1317 | D:1      | Reached XP level 3. HP: 25/31 MP: 6/6
  1936 | D:2      | Learned a level 3 spell: Stone Arrow
  1952 | D:2      | Found a faded altar of an unknown god.
  2319 | D:2      | Noticed Robin
  2543 | D:2      | Killed Robin
  2544 | D:2      | Reached XP level 4. HP: 37/39 MP: 2/8
  2997 | D:2      | Found a runed translucent door.
  2998 | D:2      | Noticed Crazy Yiuf
  3008 | D:2      | Killed Crazy Yiuf
  3009 | D:2      | Reached skill level 1 in Conjurations
  3217 | D:3      | Reached XP level 5. HP: 45/45 MP: 7/9
  3299 | D:3      | Identified the +5 hunting sling of Gizeagyc {freeze, Fly
                  | rCorr Int+7}
  3342 | D:3      | Reached skill level 1 in Staves
  3423 | D:3      | Reached XP level 6. HP: 39/52 MP: 11/11
  3884 | D:4      | Noticed Edmund
  3894 | D:4      | Killed Edmund
  4027 | D:4      | Found Emic's Assorted Antiques.
  4164 | D:4      | Noticed a necrophage
  4167 | D:4      | Killed a necrophage
  4168 | D:4      | Reached XP level 7. HP: 60/60 MP: 6/13
  4343 | D:4      | Noticed Eustachio
  4351 | D:4      | Learned a level 2 spell: Poisonous Vapours
  4358 | D:4      | Learned a level 2 spell: Passwall
  4369 | D:4      | Killed Eustachio
  4370 | D:4      | Reached skill level 1 in Poison Magic
  4989 | D:5      | Entered Level 5 of the Dungeon
  5162 | D:4      | Reached XP level 8. HP: 29/67 MP: 1/14
  5703 | D:5      | Reached skill level 5 in Conjurations
  5779 | D:5      | Reached skill level 5 in Staves
  5779 | D:5      | Reached skill level 5 in Poison Magic
  6081 | D:5      | Reached skill level 1 in Air Magic
  6517 | D:5      | Found a burning altar of Makhleb.
  6826 | D:6      | Noticed Grinder
  6832 | D:6      | Killed Grinder
  6833 | D:6      | Reached XP level 9. HP: 75/75 MP: 10/16
  6952 | D:6      | Learned a level 4 spell: Olgreb's Toxic Radiance
  6955 | D:6      | Found a radiant altar of Vehumet.
  7072 | D:6      | Reached skill level 1 in Shields
  7129 | D:6      | Found a basalt altar of Yredelemnul.
  7245 | D:6      | Reached skill level 5 in Spellcasting
  7248 | D:6      | Reached skill level 5 in Earth Magic
  7901 | D:6      | Found a staircase to the Ecumenical Temple.
  7933 | Temple   | Entered the Ecumenical Temple
  8120 | Temple   | Became a worshipper of Zin the Law-Giver
  8120 | Temple   | Reached * piety under Zin
  9314 | D:7      | Reached ** piety under Zin
  9856 | D:6      | Reached skill level 1 in Invocations
  9856 | D:6      | Reached XP level 10. HP: 71/84 MP: 8/18
 10643 | D:8      | Noticed Joseph
 10655 | D:8      | Killed Joseph
 10903 | D:8      | Noticed a death knight
 10927 | D:8      | Killed a death knight
 11455 | D:8      | Found a sparkling altar of Nemelex Xobeh.
 11694 | D:8      | Noticed a centaur warrior
 11701 | D:8      | Killed a centaur warrior
 11805 | D:8      | Identified the +2 leather armour of Wu Jian's Vengeance
                  | {rElec rPois rN+}
 12021 | D:8      | Found a shimmering altar of Xom.
 12028 | D:8      | Found a snail-covered altar of Cheibriados.
 12513 | D:9      | Reached XP level 11. HP: 90/90 MP: 0/21
 12665 | D:9      | Noticed Maurice
 12672 | D:9      | Killed Maurice
 12673 | D:9      | Reached skill level 5 in Shields
 12673 | D:9      | Reached skill level 5 in Invocations
 12880 | D:9      | Found a blossoming altar of Fedhas.
 13080 | D:9      | Learned a level 4 spell: Petrify
 13179 | D:9      | Reached *** piety under Zin
 13466 | D:10     | Entered Level 10 of the Dungeon
 13466 | D:10     | Noticed a manticore
 13472 | D:10     | Killed a manticore
 13857 | D:10     | Noticed a death yak
 13857 | D:10     | Noticed a death yak
 13891 | D:9      | Killed a death yak
 14030 | D:10     | Found a staircase to the Lair.
 14040 | D:10     | Noticed a death yak
 14059 | D:10     | Noticed a death yak
 14063 | D:10     | Noticed a death yak
 14078 | D:9      | Killed a death yak
 14242 | D:10     | Found a glowing golden altar of the Shining One.
 14243 | D:10     | Found a hazy altar of Hepliaklqana.
 14243 | D:10     | Found a white marble altar of Elyvilon.
 14256 | D:10     | Found a stormy altar of Qazlal.
 14334 | D:10     | Noticed Gastronok
 14346 | D:10     | Killed Gastronok
 14520 | D:10     | Noticed a death yak
 14654 | D:10     | Killed a death yak
 14677 | D:9      | Killed a death yak
 14928 | D:10     | Found a staircase to the Orcish Mines.
 15020 | D:10     | Killed a death yak
 15045 | D:9      | Slain by a death yak

Illustrated notes

Levels and vault maps discovered:
D:1:      lightli_arrival_lavapool, layout_basic, serial_bayou_pond_b,
          kennysheep_another_room, minmay_distorted
D:2:      layout_basic, chequers_ecumenical_altar_lobes, serial_forest,
          infiniplex_forest_clump_long, infiniplex_forest_lined_4_way,
          infiniplex_forest_straight_3, infiniplex_forest_straight_3,
          moated_statue, kennysheep_generic_room_14, uniq_crazy_yiuf_cottage,
          uniq_robin
D:3:      layout_basic
D:4:      layout_gridville, nicolae_stop_n_shop_2, minivault_26, uniq_eustachio,
          uniq_edmund
D:5:      wad_river_or_something, layout_basic, lightli_temple_of_fire
D:6:      layout_loops_ring, amcnicky_altar_gilded,
          mainiacjoe_overflow_alcove_4, minmay_temple_entry_junction_2,
          minmay_bent, uniq_grinder
D:7:      layout_rooms
D:8:      layout_gridville, mainiacjoe_overflow_brackets,
          mainiacjoe_overflow_big_doors, minmay_diamond_spiral, uniq_joseph
D:9:      layout_long_grid, mainiacjoe_overflow_tiny_flanked, uniq_maurice
D:10:     layout_basic, nicolae_overflow_quartered_altars, dpeg_lair_monsters,
          orc_0_dummy, uniq_gastronok
Temple:   grunt_temple_mini_profane

Skill      XL: |  1  2  3  4  5  6  7  8  9 10 11 |
---------------+----------------------------------+-----
Fighting       | 1 2 3 |  3.0
Conjurations   | 1 2 3 4 5 |  5.4
Spellcasting   | 3 4 5 7 8 |  8.5
Earth Magic    | 4 6 7 |  7.0
Staves         | 1 3 4 5 |  5.1
Poison Magic   | 3 5 7 8 |  8.0
Air Magic      | 2 |  2.0
Shields        | 3 4 6 |  6.3
Invocations    | 1 4 7 |  7.2
Transmutations | 4 |  4.2
Dodging        | |  1.5
Stealth        | |  3.0

Action                   |  1- 3 |  4- 6 |  7- 9 | 10-12 || total
-------------------------+-------+-------+-------+-------++-------
Melee: Unarmed           |     5 |       |       |       ||     5
       Dagger            |    48 |    22 |   252 |    59 ||   381
       Punch             |     1 |     1 |       |       ||     2
       Quarterstaff      |       |    78 |    74 |       ||   152
       Staff             |       |       |       |    45 ||    45
 Cast: Sandblast         |    40 |    22 |    78 |    68 ||   208
       Stone Arrow       |       |     8 |    42 |   112 ||   162
       Passwall          |       |       |     1 |       ||     1
       Poisonous Vapours |       |       |     3 |    22 ||    25
       Olgreb's Toxic Ra |       |       |       |     1 ||     1
Invok: Recite            |       |       |     3 |     3 ||     6
       Vitalisation      |       |       |       |     2 ||     2
 Abil: Spit Poison       |     7 |     8 |     9 |     6 ||    30
Evoke: Wand              |       |       |       |    11 ||    11
  Use: Scroll            |       |     2 |     6 |     9 ||    17
       Potion            |       |       |       |     1 ||     1
 Stab: Sleeping          |       |     1 |     5 |       ||     6
       Distracted        |       |       |     1 |       ||     1
       Paralysed         |       |       |     1 |       ||     1
Armor: Robe              |    13 |    71 |   219 |    26 ||   329
       Skin              |     9 |    28 |       |       ||    37
       Troll leather arm |       |       |       |    85 ||    85
Dodge: Dodged            |    52 |    87 |   145 |   113 ||   397
Block: Kite shield       |       |       |   143 |   162 ||   305
